AoeStats
← opalmab30

Pilgrims

509028637Analyzed
2v2 RM · 8d ago on Sep 25, 2026· 56m 13s· 4 players
Game mode
Random Map
Map size
Medium (4 player)
Population
200
Speed
Normal
Resources
Standard
Victory
Conquest
Starting age
Dark Age
Ending age
Imperial Age
RankedLock teamsTeams togetherTeam positionsShared explorationLock speedFull tech treeHidden civsTurbo modeCheats
Victory
Defeat
🇨🇱 Franks · Chile
1122
+13
🇺🇸 Varangians · United States
1100
+14
🇨🇴 Celts · Colombia
1089
-14
🇨🇴 Saxons · Colombia
1035
-13
Jarothi
4:51 Loom
11:29 Feudal Age
11:58 Fishing Lines
12:15 Double-Bit Axe
13:10 Wheelbarrow
14:40 Town Watch
18:08 Castle Age
17:10 Stone Mining
18:24 Scale Barding Armor
19:28 Squires
20:10 Chain Barding Armor
20:02 Scale Mail Armor
20:12 Forging
22:12 Hand Cart
24:33 Imperial Age
22:45 Fletching
25:55 Chain Mail Armor
26:24 Conscription
28:53 Gold Mining
29:14 Horse Collar
29:57 Bow Saw
35:07 Murder Holes
36:24 Ballistics
36:52 Conscription
37:59 Plate Mail Armor
41:33 Iron Casting
40:46 Arson
43:14 Conscription
51:22 Treadmill Crane
52:23 Gold Shaft Mining
52:16 Pikeman
RTMatutino
5:51 Loom
12:54 Feudal Age
13:41 Double-Bit Axe
14:50 Forging
21:33 Wheelbarrow
21:23 Fletching
24:57 Castle Age
22:44 Fishing Lines
25:02 Demolition Ship
25:53 Medium Warships
26:24 Iron Casting
25:44 Bodkin Arrow
28:47 Gillnets
30:19 Hand Cart
33:39 Gambesons
33:36 Pikeman
34:18 Man-at-Arms
36:30 Scale Mail Armor
36:30 Long Swordsman
48:35 Imperial Age
47:08 Chain Mail Armor
50:40 Blast Furnace
49:07 Heavy Scorpion
49:48 Gold Mining
50:12 Furor Celtica
49:27 Capped Ram
50:19 Siege Ram
51:16 Bodkin Arrow
51:54 Plate Mail Armor
52:26 Gold Shaft Mining
54:15 Chemistry
54:22 Siege Engineers
55:00 Two-Handed Swordsman
55:00 Halberdier
Phoenix0nPhire
7:28 Loom
11:04 Feudal Age
12:30 Double-Bit Axe
17:35 Gold Mining
21:15 Castle Age
20:04 Scale Mail Armor
21:08 Forging
21:36 Stone Mining
22:34 Medium Warships
22:49 Bow Saw
22:18 Man-at-Arms
22:49 Horse Collar
24:37 Gambesons
25:20 Arson
26:33 Fishing Lines
29:25 Fletching
30:14 Heavy Plow
30:25 Guard Tower
31:28 Treadmill Crane
33:54 Wheelbarrow
34:06 Chain Mail Armor
35:32 Hand Cart
39:17 Imperial Age
37:06 Fervor
37:15 Gillnets
38:13 Ballistics
37:50 Murder Holes
38:48 Bodkin Arrow
38:57 Squires
39:05 Padded Archer Armor
38:53 Town Watch
43:24 Two-Man Saw
43:47 Heavy Warships
44:46 Chemistry
46:22 Stone Shaft Mining
46:31 Plate Mail Armor
47:33 Guilds
49:41 Bracer
50:35 Cranequins
52:05 Elite Longship
54:36 Iron Casting
54:50 Treadmill Crane
55:21 Masonry
55:40 Shipwright
55:01 Treadmill Crane
55:31 Masonry
55:44 Town Patrol
opalmab30
15:29 Feudal Age
16:20 Loom
19:28 Castle Age
18:59 Stone Mining
19:24 Double-Bit Axe
22:26 Wheelbarrow
22:49 Town Watch
26:18 Gold Mining
27:13 Husbandry
27:26 Husbandry
30:27 Hand Cart
30:52 Gold Shaft Mining
32:03 Bow Saw
37:56 Imperial Age
36:49 Town Patrol
38:00 Cavalier
39:38 Forging
39:35 Scale Barding Armor
38:54 Light Cavalry
39:27 Paladin
40:36 Conscription
46:17 Chain Barding Armor
46:33 Iron Casting
50:38 Chivalry
50:20 Elite Throwing Axeman
53:11 Blast Furnace
53:15 Ballistics
54:38 Scale Mail Armor
55:14 Plate Barding Armor
Connection lost

Rejoining the realm…

Still unreachable

The connection could not be restored.

Session expired

The server has moved on; the page needs a fresh start.